 Dungeon Crawl Stone Soup version 0.30-a0-462-gd5975efbca (webtiles) character file.

Game seed: 2929662302147482727

501 NinjaNoafa the Magician (level 7, -3/50 HPs)
             Began as a Djinni Fire Elementalist on Dec 16, 2022.
             Slain by Duvessa
             ... wielding a +0 short sword
              (11 damage)
             ... on level 5 of the Dungeon.
             The game lasted 00:07:07 (4661 turns).

NinjaNoafa the Magician (Djinni Fire Elementalist)  Turns: 4661, Time: 00:07:07

Health: -3/50      AC:  2    Str:  6 (7)  XL:     7   Next: 40%
Gold:   162        EV: 12    Int: 15 (16) God:
                   SH:  0    Dex: 14

rFire   + + .      SeeInvis .    x - staff of conjuration
rCold   . . .      Faith    +    (no shield)
rNeg    . . .      Spirit   .    a - +0 robe
rPois   ∞          Reflect  .    (helmet restricted)
rElec   .          Harm     .    (no cloak)
rCorr   .          Rampage  .    (no gloves)
Will    .....                    (boots unavailable)
Stlth   ++........               u - amulet of faith
HPRegen 0.28/turn                g - ring of wizardry
MPRegen 0.00/turn                i - ring of ice

@: flying
A: sickness immunity, fire resistance 3, cold vulnerability 1, float, innate
caster, HP casting, extra vitality 1, beak, dopey 1
a: no special abilities


You were on level 5 of the Dungeon.
You visited 1 branch of the dungeon, and saw 5 of its levels.

You collected 162 gold pieces.

Inventory:

Missiles
 h - 26 stones
 r - 2 poisoned darts
Armour
 a - a +0 robe (worn)
Magical Staves
 x - a staff of conjuration (weapon)
Jewellery
 g - a ring of wizardry (left hand)
 i - a ring of ice (right hand)
 u - an amulet of faith (around neck)
Wands
 e - a wand of flame (11)
 w - a wand of polymorph (8)
Scrolls
 b - a scroll of noise {unknown}
 f - 2 scrolls of enchant weapon {unknown}
 j - 3 scrolls of teleportation
 k - 3 scrolls of identify {unknown}
 l - a scroll of immolation {unknown}
 m - a scroll of amnesia {unknown}
 n - a scroll of butterflies {unknown}
 p - a scroll of poison {unknown}
 t - 2 scrolls of vulnerability {unknown}
 y - 2 scrolls of enchant armour {unknown}
 A - a scroll of blinking {unknown}
Potions
 c - a potion of might
 d - 2 potions of brilliance
 o - a potion of attraction {unknown}
 q - a potion of mutation
 s - a potion of lignification {unknown}
 v - 2 potions of degeneration
 z - a potion of heal wounds {unknown}
 B - a potion of flight {unknown}
 C - a potion of haste


   Skills:
 - Level 3.0 Fighting
 - Level 2.1 Dodging
 - Level 1.5 Stealth
 - Level 5.0 Spellcasting
 + Level 2.9 Evocations


You couldn't memorise any spells.
You knew the following spells:

 Your Spells              Type           Power      Damage    Failure   Level
a - Foxfire               Conj/Fire      100%       2x1d9     1%          1
b - Scorch                Fire           36%        2d7       1%          2
c - Kindle Blastsparks    Fire/Tloc/Air  36%        2d13      2%          3
d - Inner Flame           Hex/Fire       18%        N/A       2%          3
e - Flame Wave            Conj/Fire      28%        2d9       9%          4
f - Freeze                Ice            100%       1d10      1%          1
g - Static Discharge      Conj/Air       56%        2-5/arc   1%          2
h - Lesser Beckoning      Tloc           36%        N/A       2%          3
Your spell library was empty.

Dungeon Overview and Level Annotations

Branches:
Dungeon (5/15)
 Temple: D:4-7

Altars:
Dithmenos

Annotations:
D:4 3 runed translucent doors, baller8008's ghost, novice DEAE; bmack86's ghost, amateur MiFi
D:5 Duvessa


Innate Abilities, Weirdness & Mutations

You are immune to sickness and miasma.
You are immune to poison.
Your flesh is almost immune to the effects of heat. (rF+++)
You are vulnerable to cold. (rC-)
You float through the air rather than walking.
You learn spells naturally, not from books.
Your magical power is your life essence.
You have superior vitality. (+4 MHP)
You have a beak for a mouth.
You are dopey. (Int -2)


Message History

Casting: Foxfire (safe; 1% risk of failure)
Confirm with . or Enter, or press ? or * to list all spells.
You feel a surge of power!
You conjure some foxfire!
The foxfire hits Duvessa but does no damage.
The foxfire hits Duvessa.
Duvessa is lightly wounded.
You hear a shout!
Casting: Foxfire (safe; 1% risk of failure)
Confirm with . or Enter, or press ? or * to list all spells.
Aiming: Inner Flame (dangerous; 2% risk of failure)
Press: ? - help, Dir - move target, f - Duvessa
Aim: Duvessa, wielding a +0 short sword and wearing a +0 ring mail (lightly wounded, berserk, ally target, chance to affect: 56%) Duvessa resists with significant effort.
The foxfire hits Duvessa.
Duvessa is lightly wounded.
The foxfire hits Duvessa but does no damage.
Duvessa is lightly wounded.
Casting: Inner Flame (dangerous; 2% risk of failure)
Confirm with . or Enter, or press ? or * to list all spells.
You feel a surge of power!
You conjure some foxfire!
The foxfire hits Duvessa.
Duvessa is lightly wounded.
The foxfire hits Duvessa.
Duvessa is moderately wounded.
Duvessa hits you with a +0 short sword!
Casting: Foxfire (safe; 1% risk of failure)
Confirm with . or Enter, or press ? or * to list all spells.
A cloud of volatile blastsparks flares up around you!
Duvessa hits you with a +0 short sword. Duvessa attacks as you move away!
Duvessa hits you with a +0 short sword!
* * * LOW HITPOINT WARNING * * *
The cloud of blastsparks explodes!
The concussive blast engulfs Duvessa!!
Duvessa is heavily wounded.
The concussive blast engulfs you! You resist.
* * * LOW HITPOINT WARNING * * *
You are knocked back by the blast.
Duvessa attacks as you move away! Duvessa closely misses you.
You feel better. Duvessa closely misses you.
Duvessa hits you with a +0 short sword!
You die...

## ##.#..<....# .##
##.......## #...... ..#
#..###### #..........#
.## #.#### ##..........##
## #.##≈# #?...........#
#.##≈### #.............
#.#≈≈#.### #............
#..≈≈~...###............
##.≈≈..@e.......).......
##.~≈~....##.......<.....
#..~~~....###...#........
#.~.~~....# ##...###.....
#.~.~≈.~.## ###..#>..###
##...≈~..## ##.?..## ##
#..~.~≈..# #...)#...#
.#### ##.~..~~..# #..^{o
[.## ....###.....~~..#
#...... ...#


You could see Duvessa (berserk).

Vanquished Creatures
  2 scorpions
  Dowan (D:5)
  2 hounds (D:5)
  An orc priest (D:4)
  Ijyb (D:4)
  A jelly (D:5)
  3 orc wizards
  6 adders
  A dart slug (D:5)
  10 orcs
  2 ball pythons
  4 endoplasms
  2 giant cockroaches (D:4)
  4 hobgoblins
  7 kobolds
  2 quokkas
  4 bats
  A frilled lizard (D:3)
  5 goblins
  4 rats
63 creatures vanquished.

Vanquished Creatures (others)
  209 foxfires
  6 withered plants (D:4)
215 creatures vanquished.

Grand Total: 278 creatures vanquished

Notes
Turn   | Place    | Note
-------+----------+-------------------------------------------
     0 | D:1      | NinjaNoafa the Djinni Fire Elementalist began the quest for
                  | the Orb.
     0 | D:1      | NinjaNoafa set off with the following spells memorised:
                  | Foxfire, Scorch, Kindle Blastsparks, Inner Flame, Flame
                  | Wave.
     0 | D:1      | Reached XP level 1. HP: 15/15 MP: 0/0
   278 | D:1      | Reached XP level 2. HP: 20/22 MP: 0/0
   309 | D:1      | Reached skill level 1 in Fighting
  1243 | D:2      | Reached XP level 3. HP: 24/28 MP: 0/0
  1243 | D:2      | Learned a level 1 spell: Freeze
  1903 | D:3      | Reached skill level 3 in Spellcasting
  1993 | D:3      | Reached XP level 4. HP: 28/33 MP: 0/0
  2216 | D:3      | Identified the +6 spear "Esi Wet" {holy, Str+2 Int+3
                  | Stlth+}
  2283 | D:3      | Found a faded altar of an unknown god.
  2579 | D:4      | Found a runed translucent gate.
  2579 | D:4      | Found a runed translucent gate.
  2583 | D:4      | Found a runed translucent gate.
  2584 | D:4      | Noticed baller8008's ghost (novice DEAE)
  2584 | D:4      | Noticed bmack86's ghost (amateur MiFi)
  2843 | D:4      | Reached XP level 5. HP: 33/40 MP: 0/0
  2843 | D:4      | Learned a level 2 spell: Static Discharge
  2859 | D:4      | Noticed Ijyb
  2868 | D:4      | Gained mutation: You are dopey. (Int -2) [potion of
                  | mutation]
  2868 | D:4      | Gained mutation: You have a beak for a mouth. [potion of
                  | mutation]
  2868 | D:4      | Gained mutation: Your flesh is almost immune to the effects
                  | of heat. (rF+++) [potion of mutation]
  2883 | D:4      | Killed Ijyb
  2884 | D:4      | Reached skill level 4 in Spellcasting
  2897 | D:4      | Reached XP level 6. HP: 20/46 MP: 0/0
  3377 | D:5      | Entered Level 5 of the Dungeon
  3656 | D:5      | Reached skill level 5 in Spellcasting
  3789 | D:5      | Reached skill level 1 in Evocations
  3789 | D:5      | Reached XP level 7. HP: 48/50 MP: 0/0
  3789 | D:5      | Learned a level 3 spell: Lesser Beckoning
  3848 | D:5      | Found a shadowy altar of Dithmenos.
  4162 | D:5      | Noticed Duvessa
  4648 | D:5      | Noticed Dowan
  4653 | D:5      | Killed Dowan
  4659 | D:5      | HP: 1/50 [shot self (7)]
  4661 | D:5      | Slain by Duvessa

Illustrated notes

Levels and vault maps discovered:
D:1:      scummos_arrival_simple_crosswalls, layout_basic,
          grunt_decor_mini_mirrors
D:2:      layout_loops_cross
D:3:      layout_basic, shapermc_ecumenical_altar_venn
D:4:      layout_loops_ring, gammafunk_ghost_cemetery, uniq_ijyb
D:5:      layout_cave_pods, minitemple, minmay_misc_feat_enclosed,
          chequers_serial_rivers_small_3, uniq_duvessa

Skill      XL: |  1  2  3  4  5  6  7 |
---------------+----------------------+-----
Fighting       | 1 2 3 |  3.0
Spellcasting   | 3 4 5 |  5.0
Evocations     | 1 2 |  2.9
Dodging        | |  2.1
Stealth        | |  1.5

Action                   |  1- 3 |  4- 6 |  7- 9 || total
-------------------------+-------+-------+-------++-------
Melee: Dagger            |     1 |       |       ||     1
       Staff             |     2 |       |     1 ||     3
       Spear             |       |     1 |       ||     1
 Cast: Foxfire           |    84 |    41 |    20 ||   145
       Scorch            |     3 |       |       ||     3
       Kindle Blastspark |     1 |    10 |     1 ||    12
       Inner Flame       |     1 |     1 |     3 ||     5
       Freeze            |       |     4 |     3 ||     7
       Flame Wave        |       |     2 |       ||     2
       Static Discharge  |       |     4 |     1 ||     5
       Lesser Beckoning  |       |       |     1 ||     1
  Use: Scroll            |     1 |       |       ||     1
       Potion            |       |     7 |     1 ||     8
Armor: Robe              |     1 |     2 |     1 ||     4
Dodge: Dodged            |    13 |    20 |     7 ||    40

Table legend: (Time is in decaauts)
 A = Elapsed time spent in this place.
 B = Non-inter-level travel time spent in this place.
 C = Inter-level travel time spent in this place.
 D = Time resting spent in this place.
 E = Time spent auto-exploring this place.
 F = Levels seen in this place.
 G = Mean time per level.
                   A        B        C        D        E       F      G
               +--------+--------+--------+--------+--------+-----+--------+
         Total |   4643 |   4317 |    326 |     27 |   3774 |   5 |  928.6 |
       Dungeon |   4643 |   4317 |    326 |     27 |   3774 |   5 |  928.6 |
               +--------+--------+--------+--------+--------+-----+--------+

Top non-repeatable levels by time:
     D:4: 1253 daAuts
     D:1: 1039 daAuts
     D:5: 843 daAuts
     D:3: 811 daAuts
     D:2: 696 daAuts
